 Dungeon Crawl Stone Soup version 0.28-a0-863-g8cecda6153 (webtiles) character file.

Game seed: 9985228535885423236

2393 ryw the Quickloader (level 9, -14/117 HPs)
             Began as a Hill Orc Hunter on Nov 17, 2021.
             Was a Believer of Okawaru.
             Blown up by Maurice (23 damage)
             ... with a mindburst bolt
             ... on level 8 of the Dungeon.
             The game lasted 00:17:11 (10917 turns).

ryw the Quickloader (Hill Orc Hunter)              Turns: 10917, Time: 00:17:13

Health: -14/117    AC: 28    Str: 16    XL:     9   Next: 46%
Magic:  9/9        EV:  2    Int: 11    God:    Okawaru [**....]
Gold:   486        SH:  0    Dex: 13    Spells: 8/8 levels left

rFire   . . .      SeeInvis .   b - +1 hand crossbow
rCold   . . .      Faith    .   (no shield)
rNeg    . . .      Spirit   .   (armour currently unavailable)
rPois   +          Reflect  .   (helmet currently unavailable)
rElec   .          Harm     .   (cloak currently unavailable)
rCorr   .          Rampage  .   (gloves currently unavailable)
Will    .....      NoTele   +   (boots currently unavailable)
Stlth   +.........              (no amulet)
HPRegen 0.29/turn               w - +4 ring of protection
MPRegen 0.11/turn               (no ring)

@: tree-form
A: stationary, stasis, torment immunity, boosted hp
a: Renounce Religion, Heroism


You were on level 8 of the Dungeon.
You worshipped Okawaru.
Okawaru was pleased with you.
You were a tree.
You visited 1 branch of the dungeon, and saw 8 of its levels.

You collected 486 gold pieces.

Inventory:

Hand Weapons
 a - a +0 great sword
 b - a +1 hand crossbow (weapon)
 f - a +3 vorpal flail
 s - a +2 short sword of holy wrath
Missiles
 d - 5 bolts (quivered ammo)
 e - a throwing net
Armour
 i - a +0 pair of gloves (melded)
 n - a scarf of resistance (melded)
 p - the +5 ring mail "Asolimp" (melded) {Harm rPois Stlth+}
   (You found it on level 5 of the Dungeon)

   rPois:     It protects you from poison.
   Harm:      It increases damage dealt and taken.
   Stlth:     It makes you more stealthy.
 u - the +1 chain mail "Firur" {rCorr}
   (You found it on level 6 of the Dungeon)

   rCorr:     It protects you from acid and corrosion.
 v - a +0 helmet (melded)
Jewellery
 w - a +4 ring of protection (left branch)
Wands
 y - a wand of paralysis (8)
 C - a wand of flame (37)
 D - a wand of acid (8)
Scrolls
 z - 3 scrolls of identify
 A - a scroll of immolation {unknown}
 B - a scroll of amnesia {unknown}
Potions
 c - 4 potions of curing
 g - 2 potions of berserk rage
 h - a potion of brilliance {unknown}
 j - a potion of magic {unknown}
 k - a potion of heal wounds
 o - 3 potions of invisibility
 q - a potion of haste
 r - a potion of flight
 t - 2 potions of lignification
 x - a potion of mutation {unknown}
 F - a potion of cancellation {unknown}
 G - a potion of resistance {unknown}


   Skills:
 + Level 6.8 Fighting
 - Level 2.8 Long Blades
 + Level 4.5 Maces & Flails
 + Level 8.5 Crossbows
 + Level 5.7 Armour
 - Level 1.5 Dodging
 - Level 0.7 Stealth


You had 8 spell levels left.
You didn't know any spells.
Your spell library contained the following spells:

 Spells                   Type           Power      Damage    Failure   Level
 Apportation              Tloc           0%         N/A       34%         1
 Pain                     Necr           0%         1d4       34%         1
 Passwall                 Tmut/Erth      0%         N/A       47%         2
 Gell's Gravitas          Tloc           0%         N/A       71%         3
 Swiftness                Air            0%         N/A       71%         3
 Teleport Other           Tloc           0%         N/A       71%         3
 Agony                    Necr           0%         N/A       100%        5
 Excruciating Wounds      Necr           0%         N/A       100%        5
 Dispersal                Tloc           0%         N/A       100%        6
 Animate Skeleton         Necr           Unusable   N/A       N/A         1
 Summon Small Mammal      Summ           Unusable   N/A       N/A         1

Dungeon Overview and Level Annotations

Branches:
Dungeon (8/15)             Temple (0/1) D:6
   Lair: D:8-11

Altars:
Ashenzari
Elyvilon
Makhleb
Okawaru
Ru
Uskayaw
Xom
Zin

Shops:
D:2 [

Annotations:
D:8 Maurice


Message History

You hear a zap.
Something tries to affect you, but you resist.
Fire: 14 bolts
Press: ? - help, Q - select action, (/) - cycle Shift-Dir - straight line You shoot a bolt.
Unknown command.
Fire: 13 bolts
Press: ? - help, Q - select action, (/) - cycle Shift-Dir - straight line You shoot a bolt.
Something hits you.
Something steals your potion of attraction!
Fire: 12 bolts
Press: ? - help, Q - select action, (/) - cycle Shift-Dir - straight line You shoot a bolt.
Something hits you but does no damage.
Fire: 11 bolts
Press: ? - help, Q - select action, (/) - cycle Shift-Dir - straight line You shoot a bolt.
You hear some strange, mumbled words.
Fire: 10 bolts
Press: ? - help, Q - select action, (/) - cycle Shift-Dir - straight line You shoot a bolt.
Fire: 9 bolts
Press: ? - help, Q - select action, (/) - cycle Shift-Dir - straight line You shoot a bolt.
Fire: 8 bolts
Press: ? - help, Q - select action, (/) - cycle Shift-Dir - straight line You shoot a bolt.
Fire: 7 bolts
Press: ? - help, Q - select action, (/) - cycle Shift-Dir - straight line You shoot a bolt.
You hear a zap.
Your mind is blasted!
* * * LOW HITPOINT WARNING * * *
Fire: 6 bolts
Press: ? - help, Q - select action, (/) - cycle Shift-Dir - straight line You shoot a bolt.
You hear a zap.
Your mind is blasted!
You die...

#....#
#.##.#
+<...#
#.##.#
#....#
(..##.#
#....#
...##.#
#....#
..)##.#
#....#
##(.#..#
#####.
...#.## .#
#@.#.# .#
#..#♣#
#.F#(#
#..#.####
#.......#
#.##.##.#
.......#.#
###...(.#.#
#####.#.#
.#.#


There were no monsters in sight!

Vanquished Creatures
  Sigmund (D:5)
  A steam dragon (D:7)
  Edmund (D:4)
  Menkaure (D:5)
  2 water moccasins
  An ice beast (D:7)
  2 black bears
  A centaur (D:7)
  2 ogres (D:7)
  A bullfrog (D:8)
  2 scorpions
  A water moccasin zombie (D:6)
  A wyvern skeleton (D:6)
  4 jellies
  2 orc priests
  3 hounds
  An iguana (D:4)
  5 orc wizards
  A killer bee zombie (D:7)
  A hound skeleton (D:4)
  11 gnolls
  A howler monkey skeleton (D:6)
  5 adders
  2 ufetubi
  A dart slug (D:2)
  16 orcs
  9 endoplasms
  4 giant cockroaches
  36 goblins
  27 hobgoblins
  14 jackals
  5 ball pythons
  3 bats
  2 frilled lizards
  5 kobolds
  3 rats
178 creatures vanquished.

Vanquished Creatures (others)
  A sky beast (D:7)
1 creature vanquished.

Grand Total: 179 creatures vanquished

Notes
Turn   | Place    | Note
-------+----------+-------------------------------------------
     0 | D:1      | ryw the Hill Orc Hunter began the quest for the Orb.
     0 | D:1      | Reached XP level 1. HP: 18/18 MP: 1/1
   153 | D:1      | Reached skill level 4 in Crossbows
   153 | D:1      | Reached XP level 2. HP: 25/25 MP: 2/2
   965 | D:2      | Reached XP level 3. HP: 22/30 MP: 3/3
  1097 | D:2      | Found Joxeat's Antique Armour Boutique.
  1903 | D:2      | Noticed a scorpion
  1907 | D:2      | Killed a scorpion
  1908 | D:2      | Reached skill level 5 in Crossbows
  1908 | D:2      | Reached XP level 4. HP: 37/37 MP: 4/4
  2123 | D:3      | Reached XP level 5. HP: 36/42 MP: 5/5
  2205 | D:3      | Found a sacrificial altar of Ru.
  2495 | D:3      | Found an iron altar of Okawaru.
  2508 | D:3      | Became a worshipper of Warmaster Okawaru
  2645 | D:3      | Reached skill level 6 in Crossbows
  2994 | D:3      | Found a faded altar of an unknown god.
  3300 | D:4      | Reached XP level 6. HP: 31/50 MP: 6/6
  5216 | D:4      | Reached skill level 1 in Armour
  6071 | D:3      | Reached skill level 7 in Crossbows
  6613 | D:5      | Entered Level 5 of the Dungeon
  6615 | D:5      | Noticed Sigmund
  6720 | D:5      | Killed Sigmund
  6721 | D:5      | Reached skill level 1 in Long Blades
  6721 | D:5      | Reached XP level 7. HP: 56/57 MP: 7/7
  6775 | D:5      | Noticed Menkaure
  6781 | D:5      | Killed Menkaure
  6781 | D:5      | Reached * piety under Okawaru
  6904 | D:5      | Found a white marble altar of Elyvilon.
  6911 | D:5      | Found a hide-covered altar of Uskayaw.
  6973 | D:5      | Noticed Edmund
  7894 | D:4      | Killed Edmund
  7895 | D:4      | Reached XP level 8. HP: 14/67 MP: 8/8
  8276 | D:5      | Identified the +5 ring mail "Asolimp" {Harm rPois Stlth+}
  8324 | D:5      | Found a broken altar of Ashenzari.
  8328 | D:5      | Saw a vision of the Shoals and the Snake Pit.
  8328 | D:5      | Noticed a naga mage
  8328 | D:5      | Noticed a naga mage
  8328 | D:5      | Noticed a naga warrior
  8328 | D:5      | Noticed a shock serpent
  8328 | D:5      | Noticed a sea snake
  8330 | D:5      | Noticed a wind drake
  8330 | D:5      | Noticed a merfolk
  8611 | D:6      | Found a staircase to the Ecumenical Temple.
  8611 | D:6      | Found a shimmering altar of Xom.
  8625 | D:6      | Reached skill level 1 in Maces & Flails
  8862 | D:6      | Reached skill level 5 in Fighting
  8876 | D:6      | Reached ** piety under Okawaru
  9056 | D:6      | Identified the +1 chain mail "Firur" {rCorr}
  9262 | D:6      | Found a glowing silver altar of Zin.
  9478 | D:7      | Reached skill level 8 in Crossbows
  9498 | D:7      | Reached XP level 9. HP: 53/75 MP: 9/9
  9619 | D:7      | Found a burning altar of Makhleb.
  9619 | D:7      | Noticed a blizzard demon
  9636 | D:7      | Reached skill level 5 in Armour
 10874 | D:8      | Noticed Maurice
 10897 | D:8      | HP: 3/78 [disintegration (30)]
 10917 | D:8      | Blown up by Maurice

Illustrated notes

Levels and vault maps discovered:
D:1:      minmay_arrival_wavy_path, layout_basic, minmay_indecisive_spiral
D:2:      layout_basic, serial_shops, shop
D:3:      layout_loops_ring, nicolae_overflow_crystal_walls, okawaru_trees_2,
          ebering_ecumenical_altar_sacrificial, due_unseen_surprise
D:4:      minmay_goblin_kobold_castle, layout_rooms
D:5:      layout_basic, grunt_ashenzari_visionary
          [grunt_ashenzari_visionary_shoals, grunt_ashenzari_visionary_snake],
          nicolae_overflow_hidden_temple, patterned_corridor, uniq_menkaure,
          uniq_sigmund, uniq_edmund
D:6:      layout_rooms, xom_teletrap_fun, zin_statuary,
          minmay_temple_entry_proselytizer
D:7:      layout_loops_ring, makhleb_altar_promises_db, nicolae_wand_duel
D:8:      layout_basic, uniq_maurice

Skill      XL: |  1  2  3  4  5  6  7  8  9 |
---------------+----------------------------+-----
Crossbows      | 4 5 6 7 8 |  8.5
Armour         | 2 3 4 5 |  5.7
Fighting       | 3 4 5 6 |  6.8
Long Blades    | 1 2 |  2.8
Maces & Flails | 3 4 |  4.5
Dodging        | |  1.5
Stealth        | |  0.7

Action                   |  1- 3 |  4- 6 |  7- 9 || total
-------------------------+-------+-------+-------++-------
Melee: Short sword       |    75 |    92 |       ||   167
       Great sword       |       |   269 |    41 ||   310
       Flail             |       |       |   192 ||   192
 Fire: Hand crossbow     |    36 |    24 |    40 ||   100
  Use: Scroll            |       |       |    14 ||    14
       Potion            |       |       |     3 ||     3
 Stab: Sleeping          |       |       |     3 ||     3
Armor: Leather armour    |    15 |       |       ||    15
       Ring mail         |    21 |   204 |   228 ||   453
       Skin              |       |       |     5 ||     5
Dodge: Dodged            |    37 |   289 |   179 ||   505

Table legend: (Time is in decaauts)
 A = Elapsed time spent in this place.
 B = Non-inter-level travel time spent in this place.
 C = Inter-level travel time spent in this place.
 D = Time resting spent in this place.
 E = Time spent auto-exploring this place.
 F = Levels seen in this place.
 G = Mean time per level.
                   A        B        C        D        E       F      G
               +--------+--------+--------+--------+--------+-----+--------+
         Total |  11211 |  10939 |    272 |   3196 |   5609 |   8 | 1401.4 |
       Dungeon |  11211 |  10939 |    272 |   3196 |   5609 |   8 | 1401.4 |
               +--------+--------+--------+--------+--------+-----+--------+

Top non-repeatable levels by time:
     D:4: 4188 daAuts
     D:3: 1725 daAuts
     D:7: 1525 daAuts
     D:2: 1188 daAuts
     D:6: 902 daAuts
     D:1: 859 daAuts
     D:5: 732 daAuts
     D:8: 89 daAuts
